 Dungeon Crawl Stone Soup version 0.22.0-6-g71bd7aa6b3 (webtiles) character file.

288 Htamos the Ducker (level 6, -5/25 HPs)
             Began as a Felid Earth Elementalist on Aug 16, 2018.
             Slain by Blork the orc
             ... wielding a +2 long sword of slicing
              (8 damage)
             ... on level 5 of the Dungeon.
             The game lasted 00:12:48 (6332 turns).

Htamos the Ducker (Felid Earth Elementalist)        Turns: 6332, Time: 00:12:48

Health: -5/25      AC:  4    Str:  4    XL:     6   Next: 9%
Magic:  2/21       EV: 23    Int: 18    God:    Xom [....*.]
Gold:   383        SH:  0    Dex: 17    Spells: 7/11 levels left
                                        Lives:  0   Deaths: 2

rFire    . . .     SeeInvis +     - Unarmed
rCold    . . .     Gourm    .   (shield unavailable)
rNeg     . . .     Faith    .   (armour unavailable)
rPois    .         Spirit   .   (helmet unavailable)
rElec    .         Reflect  .   (cloak unavailable)
rCorr    .         Harm     .   (gloves unavailable)
MR       .....                  (boots unavailable)
Stlth    +++.......             (no amulet)
HPRegen  0.08/turn              o - ring of magical power
MPRegen  0.17/turn              (no ring)

@: very slightly contaminated, quick
A: very small, no armour, no weapons or thrown items, stealth, claws 1, fangs 3,
repulsion field 1, rugged brown scales 2, see invisible, carnivore, speed 1,
frail 1, shaggy fur 2, slow metabolism 1, sharp paws
a: Renounce Religion


You were on level 5 of the Dungeon.
You worshipped Xom.
You were a beloved toy of Xom.
You were not hungry.

You visited 1 branch of the dungeon, and saw 5 of its levels.

You collected 422 gold pieces.
You spent 39 gold pieces at shops.

Inventory:

Jewellery
 o - a ring of magical power (left paw)
 s - an uncursed ring of magical power
Wands
 v - a wand of polymorph (15)
Scrolls
 e - a scroll of immolation {unknown}
 f - 3 scrolls of blinking {unknown}
 g - a scroll of magic mapping {unknown}
 h - 2 scrolls of teleportation {unknown}
 i - a scroll of identify {unknown}
 j - a scroll of fear {unknown}
 m - 5 scrolls of remove curse
 w - a scroll of enchant armour {unknown}
Potions
 a - 2 potions of curing {unknown}
 d - a potion of might {unknown}
 k - 2 potions of mutation {unknown}
 l - a potion of resistance {unknown}
 n - a potion of degeneration {unknown}
 q - a potion of lignification {unknown}
 t - a potion of ambrosia {unknown}
 u - a potion of cancellation {unknown}
Miscellaneous
 p - a lightning rod (4/4)
Comestibles
 c - 9 rations


   Skills:
 + Level 2.6 Fighting
 * Level 6.1 Dodging
 + Level 5.0 Stealth
 + Level 2.3 Unarmed Combat
 + Level 3.4 Spellcasting
 + Level 1.4 Conjurations
   Level 1.1 Transmutations
 * Level 4.7 Earth Magic


You had 7 spell levels left.
You knew the following spells:

 Your Spells              Type           Power        Failure   Level  Hunger
a - Sandblast             Erth           ###...       2%          1    None
b - Stone Arrow           Conj/Erth      ##....       13%         3    ###....

Your spell library contained the following spells:

 Spells                   Type           Power        Failure   Level  Hunger
 Magic Dart               Conj           #...         9%          1    None
 Apportation              Tloc           #.....       16%         1    None
 Conjure Flame            Conj/Fire      #.......     34%         3    ###....
 Slow                     Hex            #.......     24%         2    ##.....
 Mephitic Cloud           Conj/Pois/Air  #.......     36%         3    ###....
 Summon Small Mammal      Summ           #...         16%         1    None
 Blink                    Tloc           N/A          24%         2    ##.....
 Animate Skeleton         Necr           N/A          16%         1    None
 Call Imp                 Summ           #.......     24%         2    ##.....
 Confusing Touch          Hex            #.....       16%         1    None
 Passwall                 Tmut/Erth      ##......     7%          2    ##.....
 Lee's Rapid Deconstruct  Erth           ###.......   52%         5    ######.
 Petrify                  Tmut/Erth      ##......     43%         4    ####...


Dungeon Overview and Level Annotations

Branches:
Dungeon (5/15)             Temple (0/1) D:4

Altars:
Cheibriados
Dithmenos
Gozag
Kikubaaqudgha
Okawaru
Xom
Zin

Shops:
D:4 *

Annotations:
D:2 exclusion: downstairs
D:3 exclusion: downstairs
D:5 Blork the orc


Innate Abilities, Weirdness & Mutations

You cannot wear armour.
You are incapable of wielding weapons or throwing items.
Your paws allow you to move quietly. (Stealth)
You have sharp claws.
You have razor-sharp teeth.
You have supernaturally acute eyesight. (SInv)
You are carnivorous and can eat meat at any time.
You cover ground quickly.
You are covered in thick fur. (AC +2)
You have a slow metabolism.
Your sharp claws are effective at attacking unaware monsters.
You are surrounded by a mild repulsion field. (EV +2)
You are mostly covered in rugged brown scales. (AC +2, +5% HP)
You are frail. (-10% HP)


Message History

Blork the orc is lightly wounded.
The hound closely misses you.
Blork the orc gestures wildly while chanting.
Blork the orc seems to speed up.
The hound closely misses you.
You scratch Blork the orc but do no damage.
Your bite misses Blork the orc.
Blork the orc is lightly wounded.
The hound completely misses you. Blork the orc completely misses you.
You scratch Blork the orc but do no damage.
Blork the orc is lightly wounded.
The hound closely misses you. Blork the orc casts a spell at you.
The puff of flame hits you!
* * * LOW HITPOINT WARNING * * *
You scratch Blork the orc.
Blork the orc is lightly wounded.
The hound misses you.
Blork the orc hits you with a long sword of slicing!
You die...
Xom giggles madly!

..# #..##...#.##
##.#####5...####
... ##......#
###.# #....†..#
##.# #....###.#
#..###.....# #
##.....#####
##...h...#
#....o@..##
.......##..###
....... ###..# ∆
.#####. ##.# ∆
#.. #.#
##.####.##
#.......# ∆
....#..#### #
##.#


You could see Blork the orc and a hound.

Vanquished Creatures
  An ogre (D:4)
  3 scorpions
  A bullfrog zombie (D:3)
  A crimson imp (D:3)
  Crazy Yiuf (D:3)
  A jelly (D:5)
  An orc priest (D:3)
  A hound (D:4)
  3 orc wizards
  4 worker ants
  A hound skeleton (D:5)
  Robin (D:3)
  4 gnolls (D:4)
  8 adders
  2 river rats (D:4)
  A shadow imp (D:5)
  An adder zombie (D:5)
  A worm (D:3)
  3 dart slugs
  A leopard gecko (D:3)
  9 orcs
  2 giant cockroaches
  13 goblins
  10 hobgoblins
  7 jackals
  A quokka (D:4)
  A ball python (D:4)
  9 bats
  4 frilled lizards
  A jackal zombie (D:5)
  5 kobolds
  5 rats
107 creatures vanquished.

Vanquished Creatures (collateral kills)
  2 worms (D:4)
  A giant cockroach (D:4)
  2 rats (D:4)
5 creatures vanquished.

Grand Total: 112 creatures vanquished

Notes
Turn   | Place    | Note
-------+----------+-------------------------------------------
     0 | D:1      | Htamos the Felid Earth Elementalist began the quest for the Orb.
     0 | D:1      | Reached XP level 1. HP: 7/7 MP: 4/4
   188 | D:1      | Reached XP level 2. HP: 12/12 MP: 3/6
   357 | D:1      | Reached skill level 3 in Dodging
   947 | D:1      | Reached skill level 1 in Fighting
   947 | D:1      | Reached XP level 3. HP: 10/15 MP: 7/7
  1117 | D:2      | Found a faded altar of an unknown god.
  1460 | D:1      | Learned a level 3 spell: Stone Arrow
  1676 | D:2      | Became a worshipper of Xom the Unpredictable
  1698 | D:2      | XOM: harmless Pois miscast
  1813 | D:2      | XOM: god gift: 37 gold pieces
  2060 | D:2      | XOM: scenery: 1 doors close
  2364 | D:3      | Found an iron altar of Okawaru.
  2396 | D:3      | XOM: mild Hex miscast
  2432 | D:3      | XOM: noise
  2445 | D:3      | XOM: draining
  2876 | D:3      | Reached XP level 4. HP: 19/19 MP: 8/8
  2972 | D:3      | XOM: harmless Hex miscast
  3197 | D:3      | XOM: 2-stop teleportation journey
  3247 | D:3      | Reached skill level 4 in Dodging
  3247 | D:3      | Reached skill level 1 in Unarmed Combat
  3247 | D:3      | Reached XP level 5. HP: 17/22 MP: 9/9
  3312 | D:3      | XOM: give mutation
  3312 | D:3      | Gained mutation: You are partially covered in rugged brown scales. (AC +1, +3% HP) [Xom's grace]
  3332 | D:3      | XOM: scenery: create altars
  3376 | D:3      | XOM: give mutations
  3376 | D:3      | Gained mutation: You possess an exceptional clarity of mind. [Xom's grace]
  3376 | D:3      | Gained mutation: You expend magic power (3 MP) to strengthen your wands. [Xom's grace]
  3513 | D:3      | Found an opulent altar of Gozag.
  3514 | D:3      | Found a glowing silver altar of Zin.
  3656 | D:3      | XOM: god gift: lightning rod (4/4)
  3658 | D:3      | Noticed Robin
  3801 | D:3      | Killed Robin
  3940 | D:3      | Found a runed door.
  3944 | D:3      | Noticed Crazy Yiuf
  3962 | D:3      | Killed Crazy Yiuf
  4078 | D:4      | Found Pylius's General Store.
  4085 | D:4      | Bought a scroll of remove curse for 39 gold pieces
  4089 | D:4      | Gained mutation: You are covered in thick fur. (AC +2) [Felid growth]
  4089 | D:4      | Reached XP level 6. HP: 26/26 MP: 11/11
  4123 | D:4      | XOM: god gift: 31 gold pieces
  4224 | D:4      | XOM: scenery: create altars
  4317 | D:4      | Reached skill level 5 in Dodging
  4317 | D:4      | XOM: scenery: create altars
  4653 | D:4      | XOM: god gift: 51 gold pieces
  4874 | D:4      | XOM: give mutations
  4874 | D:4      | Gained mutation: You evolve. [Xom's grace]
  4874 | D:4      | Gained mutation: You are surrounded by a mild repulsion field. (EV +2) [Xom's grace]
  4874 | D:4      | Gained mutation: You are mostly covered in rugged brown scales. (AC +2, +5% HP) [Xom's grace]
  4982 | D:4      | XOM: scenery: create altars
  5050 | D:4      | Found a snail-covered altar of Cheibriados.
  5052 | D:4      | Found an ancient bone altar of Kikubaaqudgha.
  5052 | D:4      | Found a shadowy altar of Dithmenos.
  5053 | D:4      | Found a shimmering altar of Xom.
  5239 | D:4      | Reached XP level 7. HP: 28/31 MP: 12/12
  5321 | D:4      | Found a staircase to the Ecumenical Temple.
  5349 | D:4      | Reached skill level 1 in Conjurations
  5489 | D:4      | XOM is BORED!
  5489 | D:4      | XOM: medium Ice miscast
  5516 | D:4      | XOM: summons friendly white imp
  5687 | D:4      | XOM: give mutations
  5687 | D:4      | Lost mutation: You possess an exceptional clarity of mind. [Xom's mischief]
  5687 | D:4      | Gained mutation: You are frail. (-10% HP) [Xom's mischief]
  5687 | D:4      | Lost mutation: You expend magic power (3 MP) to strengthen your wands. [Xom's mischief]
  5687 | D:4      | Lost mutation: You evolve. [Xom's mischief]
  5804 | D:4      | XOM: torment (13/28 hp)
  5818 | D:4      | XOM: harmless Conj miscast
  5891 | D:4      | XOM: severe Fire miscast
  5896 | D:4      | Incinerated by the severe capriciousness of Xom
  5897 | D:4      | Reached XP level 6. HP: -2/24 MP: 20/20
  6040 | D:5      | Entered Level 5 of the Dungeon
  6216 | D:5      | XOM: 2-stop teleportation journey
  6219 | D:5      | Reached skill level 6 in Dodging
  6254 | D:5      | Reached skill level 5 in Stealth
  6254 | D:5      | Reached XP level 7. HP: 28/28 MP: 0/13
  6254 | D:5      | XOM: noise
  6263 | D:5      | XOM: divination: detect items
  6279 | D:5      | Noticed Blork the orc
  6282 | D:5      | Killed from afar by Blork the orc
  6283 | D:5      | Reached XP level 6. HP: -1/25 MP: 2/21
  6332 | D:5      | Slain by Blork the orc

Skill      XL: |  1  2  3  4  5  6  7 |
---------------+----------------------+-----
Dodging        | 3 4 6 |  6.1
Stealth        | 3 4 5 |  5.0
Earth Magic    | 3 4 |  4.7
Fighting       | 1 2 |  2.6
Unarmed Combat | 1 2 |  2.3
Spellcasting   | 3 |  3.4
Conjurations   | 1 |  1.4
Transmutations | |  1.1

Action                   |  1- 3 |  4- 6 |  7- 9 || total
-------------------------+-------+-------+-------++-------
Melee: Unarmed           |   130 |    70 |    16 ||   216
       Bite              |     4 |     9 |     4 ||    17
 Cast: Sandblast         |    26 |    58 |     3 ||    87
       Stone Arrow       |     1 |    52 |    18 ||    71
 Stab: Sleeping          |     8 |     4 |     1 ||    13
  Eat: Chunk             |    11 |    11 |     3 ||    25
Armor: Skin              |     9 |    11 |     1 ||    21
Dodge: Dodged            |   126 |    95 |    22 ||   243
